Map: 环轨星港

Players

Quintessence - Winner!

  • Race: Zerg Zerg
  • League: Platinum

shengy

  • Race: Zerg Zerg
  • League: Platinum

VOD

Have the link to the VOD?

Description

Time

  • Played on: Dec. 25, 2015, 3:31 p.m.
  • Length: 12:52
Show
View Real Time Build Order
Export as new Build Order

Quintessence Zerg - Winner!

Build Orders: Hatch First 

Get SALT Encoding   

  12  0:02  Drone  
  13  0:10  Drone  
  14  0:18  Drone, Extractor  
  15  0:24  Overlord  
  15  0:43  Drone x2  
  17  0:56  Hatchery  
  16  0:58  Extractor, Drone  
  16  1:13  Spawning Pool  
  16  1:15  Drone  
  16  1:23  Drone  
  16  1:24  Drone  
  18  1:32  Overlord  
  18  1:41  Drone  
  19  1:51  Drone  
  20  2:01  Roach Warren  
  20  2:03  Queen  
  20  2:07  Drone  
  22  2:09  Drone  
  23  2:17  Queen  
  25  2:23  Drone  
  25  2:27  Overlord  
  26  2:45  Roach  
  26  2:46  Roach x3  
  26  2:49  Roach  
  36  3:07  Roach  
  36  3:08  Roach x3  
  44  3:21  Extractor  
  44  3:24  Drone  
  44  3:26  Overlord  
  44  3:29  Lair  
  44  3:39  Extractor  
  44  3:41  Drone  
  44  3:48  Drone x2  
  44  3:53  Drone x2  
  48  3:57  Extractor  
  45  4:23  Drone x2  
  45  4:24  Drone x5  
  50  4:30  Spire  
  51  4:40  Drone  
  51  4:43  Overlord  
  51  4:44  Overlord  
  52  4:50  Evolution Chamber  
  52  4:51  Drone  
  52  5:04  Drone x4  
  52  5:05  Drone x4  
  60  5:14  Drone x2  
  60  5:15  Overlord  
  62  5:28  Overlord  
  62  5:31  Overlord  
  62  5:59  Mutalisk  
  62  6:00  Mutalisk x7  
  62  6:01  Mutalisk x2  
  66  6:41  Mutalisk x3  
  66  6:42  Mutalisk  
  66  6:43  Mutalisk  
  69  6:58  Queen  
  71  7:05  Drone x4  
  71  7:06  Drone  
  76  7:19  Hatchery  
  75  7:48  Mutalisk x4  
  83  7:57  Overlord x4  
  83  7:58  Overlord x2  
  83  8:10  Overlord x2  
  83  8:25  Zerg Flyer Weapons Level 1  
  71  9:30  Mutalisk x6  
  71  9:31  Mutalisk x5  
  93  9:38  Drone  
  93  9:41  Queen  
  94  10:06  Drone  
  94  10:07  Drone x8  
  103  10:17  Queen  
  103  10:19  Zerg Flyer Armor Level 1  
  81  10:39  Roach x3  
  81  10:40  Roach x3  
  84  10:52  Queen  
  84  10:56  Drone  
  86  10:57  Drone x5  
  91  11:06  Drone x3  
  94  11:16  Drone x3  
  97  11:28  Queen  
  97  11:30  Extractor  
  97  11:31  Extractor  
  97  12:00  Mutalisk  
  97  12:01  Mutalisk x12  
  99  12:02  Mutalisk x2  
  127  12:24  Roach  
  127  12:25  Roach x7  
  127  12:26  Roach x3  
  149  12:32  Overseer  
Show
View Real Time Build Order
Export as new Build Order

shengy Zerg 

Build Orders: Pool First 

Get SALT Encoding   

  12  0:00  Drone  
  13  0:08  Drone  
  14  0:17  Overlord  
  14  0:35  Drone x3  
  17  0:47  Spawning Pool  
  16  0:50  Drone  
  18  0:57  Drone  
  18  1:16  Drone  
  18  1:17  Hatchery  
  18  1:21  Drone  
  19  1:35  Queen  
  19  1:38  Extractor  
  20  1:43  Drone  
  20  1:44  Drone  
  22  1:55  Overlord  
  22  2:14  Zergling x4  
  24  2:23  Drone  
  24  2:28  Queen  
  27  2:30  Queen  
  29  2:41  Drone x2  
  31  2:45  Roach Warren  
  31  2:47  Drone x3  
  31  2:48  Drone  
  31  2:49  Extractor  
  33  3:10  Lair  
  33  3:18  Overlord  
  33  3:26  Roach  
  35  3:28  Overlord  
  35  3:36  Roach  
  35  3:37  Spine Crawler, Roach  
  35  3:38  Roach x3  
  44  3:52  Roach x3  
  49  4:09  Drone x3  
  52  4:12  Glial Reconstitution  
  52  4:24  Evolution Chamber  
  52  4:26  Evolution Chamber, Overlord  
  52  4:30  Drone x2  
  52  4:45  Hatchery  
  51  4:55  Zerg Missile Weapons Level 1  
  51  4:56  Overlord  
  51  5:04  Overlord x2  
  51  5:15  Metabolic Boost  
  51  5:20  Roach x3  
  57  5:26  Drone x2  
  59  5:30  Drone  
  59  5:31  Extractor  
  59  5:41  Drone x2  
  59  5:42  Drone x3  
  64  5:51  Overseer  
  61  6:12  Ravager x2  
  63  6:26  Ravager  
  63  6:27  Ravager  
  63  6:28  Roach x9  
  83  6:38  Spore Crawler  
  58  6:55  Overlord  
  55  7:02  Spore Crawler  
  55  7:07  Spore Crawler  
  53  7:12  Drone x5  
  53  7:13  Drone x4  
  53  7:14  Hydralisk Den  
  61  7:23  Drone x5, Extractor  
  61  7:24  Drone x2  
  49  7:45  Muscular Augments, Hydralisk x4  
  57  7:52  Hydralisk x2  
  57  7:57  Spore Crawler  
  57  7:58  Hydralisk  
  60  8:04  Hydralisk  
  60  8:05  Hydralisk  
  64  8:16  Hydralisk  
  64  8:17  Hydralisk x2  
  70  8:20  Hydralisk  
  72  8:27  Hydralisk  
  72  8:28  Hydralisk  
  74  8:43  Drone  
  74  8:44  Drone x7  
  74  8:49  Hydralisk x2  
  57  9:10  Spore Crawler  
  57  9:11  Hydralisk  
  57  9:12  Hydralisk x5  
  63  9:29  Hydralisk x4  
  71  9:36  Hydralisk x2  
  71  9:37  Spore Crawler  
  74  9:50  Zergling x6  
  75  10:00  Drone x2  
  75  10:02  Spore Crawler, Drone x6  
  75  10:06  Overlord  
  82  10:14  Infestation Pit  
  76  10:25  Spore Crawler  
  76  10:28  Hydralisk x4  
  53  10:41  Hydralisk x3  
  56  10:46  Hydralisk  
  58  10:51  Zergling x2  
  58  10:52  Zergling x4  
  59  11:17  Hydralisk  
  59  11:18  Hydralisk x2  
  61  11:20  Pathogen Glands  
  65  11:36  Hatchery  
  63  11:46  Overlord  
  63  11:49  Infestor x2  
  67  11:54  Overlord  
  67  11:59  Hydralisk x2  
  70  12:20  Hydralisk  
  70  12:21  Hydralisk x2  
  75  12:36  Drone  
Tags
 
Add a new tag
Caveats
  • Supply blocks, unpowered buildings, or Contaminate may cause inaccurate times.
  • Supply counts are checked every 10 seconds.